TOP OF THE 1ST |
Victoria Capitals batting - Pitching for Madison Brewers : RHP Jim Strickland
|
Pitching: RHP Jim Strickland
|
|
Batting: RHB Enrique Valdez
|
0-0: Called Strike 0-1: Swinging Strike 0-2: Foul Ball, location: 2F 0-2: Ball 1-2: Foul Ball, location: 2F 1-2: Foul Ball, location: 2F 1-2: Strikes out swinging
|
Batting: RHB Nick Edmunds
|
0-0: Ball 1-0: Ball 2-0: Ball 3-0: Called Strike 3-1: Fly out, F9 (Flyball, 9LS, EV 84.4 MPH)
|
Batting: LHB Taki Matsui
|
0-0: Called Strike 0-1: DOUBLE (Line Drive, 7LD, EV 104.4 MPH)
|
Batting: SHB Frank Amato
|
0-0: Ball 1-0: Called Strike 1-1: Foul Ball, location: 2F 1-2: Ball 2-2: Fly out, F9 (Flyball, 9S, EV 89.4 MPH)
|
Top of the 1st over - 0 runs, 1 hit, 0 errors, 1 left on base; Victoria 0 - Madison 0 |
BOTTOM OF THE 1ST |
Madison Brewers batting - Pitching for Victoria Capitals : RHP Sid Lampone
|
Pitching: RHP Sid Lampone
|
|
Batting: LHB Rick Campbell
|
0-0: Called Strike 0-1: Foul Ball, location: 2F 0-2: Foul Ball, location: 2F 0-2: Strikes out swinging
|
Batting: RHB Victor Alarcon
|
0-0: Ball 1-0: Ball 2-0: SINGLE (Flyball, 8RS, EV 101.2 MPH)
|
Batting: LHB Steven Donovan
|
0-0: Ball 1-0: Foul Ball, location: 2F 1-1: Ball 2-1: Called Strike Victor Alarcon steals 2nd base 2-2: Ball 3-2: Foul Ball, location: 2F 3-2: Foul Ball, location: 2F 3-2: Fly out, F6 (Popup, 6, EV 78.8 MPH)
|
Batting: SHB Jerry Duffy
|
0-0: Ball 1-0: Ground out 4-3 (Groundball, 4MS, EV 68.8 MPH)
|
Bottom of the 1st over - 0 runs, 1 hit, 0 errors, 1 left on base; Victoria 0 - Madison 0 |
TOP OF THE 2ND |
Victoria Capitals batting - Pitching for Madison Brewers : RHP Jim Strickland
|
Batting: SHB Ray Skogen
|
0-0: Single, Error in OF, E7, batter to second base (Line Drive, 56, EV 95.6 MPH)
|
Batting: RHB Danny Pujols
|
0-0: Ball 1-0: Ball 2-0: Called Strike 2-1: Foul Ball, location: 2F 2-2: Strikes out swinging
|
Batting: RHB Jesus Santiago
|
0-0: Ball 1-0: Foul Ball, location: 2F 1-1: Ball 2-1: Ground out 4-3 (Groundball, 4, EV 90.6 MPH) Ray Skogen to third
|
Batting: RHB Jung-wan Aan
|
0-0: Foul Ball, location: 2F 0-1: Ball 1-1: Ball 2-1: Ball 3-1: Foul Ball, location: 2F 3-2: Fly out, F8 (Flyball, 8LM, EV 94.4 MPH)
|
Top of the 2nd over - 0 runs, 1 hit, 1 error, 1 left on base; Victoria 0 - Madison 0 |
BOTTOM OF THE 2ND |
Madison Brewers batting - Pitching for Victoria Capitals : RHP Sid Lampone
|
Batting: SHB Ramon Perez
|
0-0: Ball 1-0: Ball 2-0: Ball 3-0: Called Strike 3-1: Base on Balls
|
Batting: RHB Chris Riddel
|
0-0: Ball 1-0: Fly out, F8 (Line Drive, 8RD, EV 93.1 MPH)
|
Batting: RHB Drew Forbess
|
0-0: Ball 1-0: Ball 2-0: SINGLE (Groundball, 34D, EV 105.0 MPH) Ramon Perez to second Runner from 2nd tries for 3rd, SAFE, throw by RF made to third Drew Forbess to second
|
Batting: RHB Justin Marino
|
0-0: Ball 1-0: Called Strike 1-1: Fly out, F7 (Flyball, 78S, EV 88.1 MPH)
|
Batting: RHB Jesus Menjivar
|
0-0: Called Strike 0-1: Swinging Strike 0-2: Foul Ball, location: 2F 0-2: Foul Ball, location: 2F 0-2: Ball 1-2: Strikes out swinging
|
Bottom of the 2nd over - 0 runs, 1 hit, 0 errors, 2 left on base; Victoria 0 - Madison 0 |
TOP OF THE 3RD |
Victoria Capitals batting - Pitching for Madison Brewers : RHP Jim Strickland
|
Batting: RHB David Greene
|
0-0: Ground out 4-3 (Groundball, 4, EV 103.1 MPH)
|
Batting: RHB Enrique Valdez
|
0-0: Ball 1-0: Ball 2-0: Called Strike 2-1: Swinging Strike 2-2: Ball 3-2: Fly out, F8 (Flyball, 8LS, EV 86.9 MPH)
|
Batting: RHB Nick Edmunds
|
0-0: Ball 1-0: Ball 2-0: Called Strike 2-1: Foul Ball, location: 2F 2-2: Ball 3-2: Base on Balls
|
Batting: LHB Taki Matsui
|
0-0: Called Strike 0-1: Ball 1-1: Ball 2-1: Foul Ball, location: 2F 2-2: Strikes out swinging
|
Top of the 3rd over - 0 runs, 0 hits, 0 errors, 1 left on base; Victoria 0 - Madison 0 |
BOTTOM OF THE 3RD |
Madison Brewers batting - Pitching for Victoria Capitals : RHP Sid Lampone
|
Batting: LHB Rick Campbell
|
0-0: Called Strike 0-1: Swinging Strike 0-2: Ball 1-2: Ball 2-2: Ball 3-2: Ground out 4-3 (Groundball, 34, EV 104.4 MPH)
|
Batting: RHB Victor Alarcon
|
0-0: Ball 1-0: Called Strike 1-1: Foul Ball, location: 2F 1-2: Foul Ball, location: 2F 1-2: Ball 2-2: Foul Ball, location: 2F 2-2: Fly out, F3 (Popup, 3SF, EV 69.4 MPH)
|
Batting: LHB Steven Donovan
|
0-0: Ball 1-0: Foul Ball, location: 2F 1-1: Ball 2-1: Foul Ball, location: 2F 2-2: Foul Ball, location: 2F 2-2: Ground out 6-3 (Groundball, P, EV 77.5 MPH)
|
Bottom of the 3rd over - 0 runs, 0 hits, 0 errors, 0 left on base; Victoria 0 - Madison 0 |
TOP OF THE 4TH |
Victoria Capitals batting - Pitching for Madison Brewers : RHP Jim Strickland
|
Batting: SHB Frank Amato
|
0-0: Ball 1-0: Ball 2-0: Called Strike 2-1: Foul Ball, location: 2F 2-2: Fly out, F7 (Flyball, 7D, EV 107.5 MPH)
|
Batting: SHB Ray Skogen
|
0-0: Called Strike 0-1: Ball 1-1: Foul Ball, location: 2F 1-2: Strikes out swinging
|
Batting: RHB Danny Pujols
|
0-0: Called Strike 0-1: Foul Ball, location: 2F 0-2: Ball 1-2: Foul Ball, location: 2F 1-2: Ground out 4-3 (Groundball, 4, EV 83.1 MPH)
|
Top of the 4th over - 0 runs, 0 hits, 0 errors, 0 left on base; Victoria 0 - Madison 0 |
BOTTOM OF THE 4TH |
Madison Brewers batting - Pitching for Victoria Capitals : RHP Sid Lampone
|
Batting: SHB Jerry Duffy
|
0-0: Called Strike 0-1: Ball 1-1: Swinging Strike 1-2: Strikes out swinging
|
Batting: SHB Ramon Perez
|
0-0: Ball 1-0: Ball 2-0: Ball 3-0: Called Strike 3-1: Swinging Strike 3-2: Strikes out looking
|
Batting: RHB Chris Riddel
|
0-0: Called Strike 0-1: Ball 1-1: Fly out, F8 (Flyball, 89XD, EV 106.2 MPH)
|
Bottom of the 4th over - 0 runs, 0 hits, 0 errors, 0 left on base; Victoria 0 - Madison 0 |
TOP OF THE 5TH |
Victoria Capitals batting - Pitching for Madison Brewers : RHP Jim Strickland
|
Batting: RHB Jesus Santiago
|
0-0: Ball 1-0: Ball 2-0: Ball 3-0: Called Strike 3-1: Swinging Strike 3-2: Foul Ball, location: 2F 3-2: DOUBLE (Flyball, 8RXD, EV 91.9 MPH)
|
Batting: RHB Jung-wan Aan
|
0-0: Ball 1-0: Fly out, F9 (Line Drive, 9, EV 91.9 MPH)
|
Batting: RHB David Greene
|
0-0: Foul Ball, location: 2F 0-1: Swinging Strike 0-2: Strikes out swinging
|
Batting: RHB Enrique Valdez
|
0-0: Foul Ball, location: 2F 0-1: Ball 1-1: Foul Ball, location: 2F 1-2: Ball 2-2: Ball 3-2: Fly out, F7 (Line Drive, 7D, EV 97.5 MPH)
|
Top of the 5th over - 0 runs, 1 hit, 0 errors, 1 left on base; Victoria 0 - Madison 0 |
BOTTOM OF THE 5TH |
Madison Brewers batting - Pitching for Victoria Capitals : RHP Sid Lampone
|
Batting: RHB Drew Forbess
|
0-0: Called Strike 0-1: Swinging Strike 0-2: Foul Ball, location: 2F 0-2: Strikes out looking
|
Batting: RHB Justin Marino
|
0-0: Ground out 4-3 (Groundball, 4M, EV 86.2 MPH)
|
Batting: RHB Jesus Menjivar
|
0-0: Ball 1-0: Swinging Strike 1-1: Ball 2-1: Foul Ball, location: 2F 2-2: Ball 3-2: Base on Balls
|
Batting: LHB Rick Campbell
|
0-0: Foul Ball, location: 2F 0-1: Ball Jesus Menjivar is caught stealing 2nd base 2-6
|
Bottom of the 5th over - 0 runs, 0 hits, 0 errors, 0 left on base; Victoria 0 - Madison 0 |
TOP OF THE 6TH |
Victoria Capitals batting - Pitching for Madison Brewers : RHP Jim Strickland
|
Batting: RHB Nick Edmunds
|
0-0: Ball 1-0: Called Strike 1-1: Foul Ball, location: 2F 1-2: Foul Ball, location: 2F 1-2: Strikes out looking
|
Batting: LHB Taki Matsui
|
0-0: Ball 1-0: Ball 2-0: Called Strike 2-1: Fly out, F5 (Flyball, 5D, EV 90.6 MPH)
|
Batting: SHB Frank Amato
|
0-0: Called Strike 0-1: Ball 1-1: Ball 2-1: Ball 3-1: Foul Ball, location: 2F 3-2: Foul Ball, location: 2F 3-2: Foul Ball, location: 2F 3-2: Fly out, F7 (Flyball, 78D, EV 100.0 MPH)
|
Top of the 6th over - 0 runs, 0 hits, 0 errors, 0 left on base; Victoria 0 - Madison 0 |
BOTTOM OF THE 6TH |
Madison Brewers batting - Pitching for Victoria Capitals : RHP Sid Lampone
|
Pitching: RHP Jose Acevedo
|
|
Batting: LHB Rick Campbell
|
0-0: Ball 1-0: Foul Ball, location: 2F 1-1: Swinging Strike 1-2: Strikes out swinging
|
Pinch Hitting: SHB C.J. Olivares
|
0-0: Swinging Strike 0-1: Swinging Strike 0-2: Ball 1-2: Ball 2-2: Strikes out swinging
|
Batting: LHB Steven Donovan
|
0-0: Called Strike 0-1: Ball 1-1: SOLO HOME RUN (Flyball, 7D, EV 94.4 MPH), Distance : 356 ft
|
Batting: SHB Jerry Duffy
|
0-0: Ball 1-0: Called Strike 1-1: Called Strike 1-2: Ball 2-2: Foul Ball, location: 2F 2-2: Ground out 4-3 (Groundball, 4, EV 86.2 MPH)
|
Bottom of the 6th over - 1 run, 1 hit, 0 errors, 0 left on base; Victoria 0 - Madison 1 |
TOP OF THE 7TH |
Victoria Capitals batting - Pitching for Madison Brewers : RHP Jim Strickland
|
Now in LF: Aaron Neill
|
|
Now in CF: Alfredo Sena
|
|
Now in RF: Cameron Rattenbury
|
|
Batting: SHB Ray Skogen
|
0-0: Swinging Strike 0-1: Foul Ball, location: 2F 0-2: Ball 1-2: Ball 2-2: Strikes out swinging
|
Pitching: LHP Tony Salazar
|
|
Batting: RHB Danny Pujols
|
0-0: Ball 1-0: Ball 2-0: Ball 3-0: Base on Balls
|
Batting: RHB Jesus Santiago
|
0-0: Ball 1-0: Called Strike 1-1: Ball 2-1: Foul Ball, location: 2F 2-2: Foul Ball, location: 2F 2-2: Foul Ball, location: 2F 2-2: Strikes out swinging
|
Batting: RHB Jung-wan Aan
|
0-0: Fly out, F7 (Line Drive, 7LS, EV 91.2 MPH)
|
Top of the 7th over - 0 runs, 0 hits, 0 errors, 1 left on base; Victoria 0 - Madison 1 |
BOTTOM OF THE 7TH |
Madison Brewers batting - Pitching for Victoria Capitals : RHP Jose Acevedo
|
Batting: SHB Ramon Perez
|
0-0: Ball 1-0: Foul Ball, location: 2F 1-1: Ball 2-1: Ball 3-1: Base on Balls
|
Batting: RHB Chris Riddel
|
0-0: Ball 1-0: Ball 2-0: Ball 3-0: Called Strike 3-1: Foul Ball, location: 2F 3-2: Foul Ball, location: 2F 3-2: Fielders Choice at 2nd, 6-4 (Groundball, 6, EV 90.6 MPH)
|
Batting: RHB Drew Forbess
|
0-0: Called Strike 0-1: Foul Ball, location: 2F 0-2: Ball 1-2: Ball 2-2: Ball 3-2: Foul Ball, location: 2F 3-2: Foul Ball, location: 2F 3-2: Strikes out swinging
|
Pinch Hitting: LHB Sal Burgos
|
0-0: Called Strike 0-1: Called Strike 0-2: Foul Ball, location: 2F 0-2: Ball 1-2: Strikes out looking
|
Bottom of the 7th over - 0 runs, 0 hits, 0 errors, 1 left on base; Victoria 0 - Madison 1 |
TOP OF THE 8TH |
Victoria Capitals batting - Pitching for Madison Brewers : LHP Tony Salazar
|
Pitching: RHP Joe Gonzales
|
|
Now at SS: Juan Villanueva
|
|
Batting: RHB David Greene
|
0-0: Called Strike 0-1: SINGLE (Groundball, 6MS, EV 71.9 MPH) (infield hit)
|
Batting: RHB Enrique Valdez
|
0-0: Ball 1-0: Called Strike 1-1: Ball 2-1: Ball 3-1: Foul Ball, location: 2F 3-2: Foul Ball, location: 2F 3-2: Foul Ball, location: 2F 3-2: Foul Ball, location: 2F 3-2: Grounds into double play, 4-6-3 (Groundball, 34D, EV 83.1 MPH)
|
Batting: RHB Nick Edmunds
|
0-0: Called Strike 0-1: SOLO HOME RUN (Flyball, 7D, EV 92.5 MPH), Distance : 362 ft
|
Batting: LHB Taki Matsui
|
0-0: Foul Ball, location: 2F 0-1: SOLO HOME RUN (Flyball, 89XD, EV 115.6 MPH), Distance : 460 ft
|
Batting: SHB Frank Amato
|
0-0: Ball 1-0: Foul Ball, location: 2F 1-1: Called Strike 1-2: Ball 2-2: Foul Ball, location: 2F 2-2: Ball 3-2: Base on Balls
|
Pitching: RHP Omar Morales
|
|
Batting: SHB Ray Skogen
|
0-0: Ball 1-0: Called Strike 1-1: Swinging Strike 1-2: Foul Ball, location: 2F 1-2: Foul Ball, location: 2F 1-2: Strikes out looking
|
Top of the 8th over - 2 runs, 3 hits, 0 errors, 1 left on base; Victoria 2 - Madison 1 |
BOTTOM OF THE 8TH |
Madison Brewers batting - Pitching for Victoria Capitals : RHP Jose Acevedo
|
Pitching: RHP Kieran Easton
|
|
Batting: SHB Aaron Neill
|
0-0: Called Strike 0-1: Ball 1-1: SINGLE (Line Drive, 78D, EV 104.4 MPH)
|
Batting: LHB Rick Campbell
|
0-0: Called Strike 0-1: Called Strike 0-2: Ball 1-2: Foul Ball, location: 2F 1-2: Foul Ball, location: 2F 1-2: Foul Ball, location: 2F 1-2: Foul Ball, location: 2F 1-2: Strikes out looking
|
Pinch Hitting: SHB Sam Bingham
|
0-0: Ball 1-0: Ball 2-0: Foul Ball, location: 2F 2-1: Fly out, F9 (Flyball, 9S, EV 90.6 MPH)
|
Batting: LHB Steven Donovan
|
0-0: Foul Ball, location: 2F 0-1: Called Strike 0-2: Ball 1-2: Ball 2-2: Foul Ball, location: 2F 2-2: Ball 3-2: Foul Ball, location: 2F 3-2: SINGLE (Line Drive, 8RS, EV 103.1 MPH) Aaron Neill to second Aaron Neill to third
|
Pinch Hitting: LHB Danny Bautista
|
0-0: Fly out, F6 (Popup, 6M, EV 60.6 MPH)
|
Bottom of the 8th over - 0 runs, 2 hits, 0 errors, 2 left on base; Victoria 2 - Madison 1 |
TOP OF THE 9TH |
Victoria Capitals batting - Pitching for Madison Brewers : RHP Omar Morales
|
Now in LF: Hector Silva
|
|
Now in CF: Aaron Neill
|
|
Now in RF: Danny Bautista
|
|
Batting: RHB Danny Pujols
|
0-0: SINGLE (Groundball, 4D, EV 100.0 MPH)
|
Batting: RHB Jesus Santiago
|
0-0: Ball 1-0: Called Strike 1-1: Ball 2-1: Ball 3-1: Base on Balls Danny Pujols to second
|
Batting: RHB Jung-wan Aan
|
0-0: Ball 1-0: Fly out, F7 (Flyball, 78S, EV 85.0 MPH) Lined into DP, 7-4 (Flyball, 78S, EV 85.0 MPH)
|
Batting: RHB David Greene
|
0-0: Called Strike 0-1: Ball Jesus Santiago steals 2nd base 1-1: Called Strike 1-2: Ground out 1-3 (Groundball, 25, EV 69.4 MPH)
|
Top of the 9th over - 0 runs, 1 hit, 0 errors, 1 left on base; Victoria 2 - Madison 1 |
BOTTOM OF THE 9TH |
Madison Brewers batting - Pitching for Victoria Capitals : RHP Kieran Easton
|
Pitching: LHP Adam Parrish
|
|
Batting: SHB Ramon Perez
|
0-0: Called Strike 0-1: Ball 1-1: Ball 2-1: Ball 3-1: Called Strike 3-2: Ground out 6-3 (Groundball, 56, EV 84.4 MPH)
|
Batting: RHB Chris Riddel
|
0-0: Ball 1-0: Ball 2-0: Fly out, F8 (Flyball, 8LXD, EV 94.4 MPH)
|
Batting: RHB Drew Forbess
|
0-0: Called Strike 0-1: Ball 1-1: Swinging Strike 1-2: Strikes out swinging
|
Bottom of the 9th over - 0 runs, 0 hits, 0 errors, 0 left on base; Victoria 2 - Madison 1 |
|